 Dungeon Crawl Stone Soup version 0.29-a0-553-g81b289dbe5 (webtiles) character file.

Game seed: 7963043007100377465

56 Ajdolov the Grave Robber (level 3, -1/24 HPs)
             Began as a Mummy Necromancer on May 29, 2022.
             Slain by Grinder (4 damage)
             ... on level 3 of the Dungeon on June 6, 2022.
             The game lasted 00:05:35 (1969 turns).

Ajdolov the Grave Robber (Mummy Necromancer)        Turns: 1969, Time: 00:05:35

Health: -1/24      AC:  5    Str: 11    XL:     3   Next: 71%
Magic:  8/8        EV: 12    Int: 16    God:
Gold:   147        SH:  0    Dex: 12    Spells: 8/9 levels left

rFire   x . .      SeeInvis .   b - +2 dagger (freeze)
rCold   + . .      Faith    .   (no shield)
rNeg    + + +      Spirit   .   j - +0 robe
rPois   ∞          Reflect  .   e - +1 hat
rElec   .          Harm     .   q - +0 cloak
rCorr   .          Rampage  .   (no gloves)
Will    .....                   n - +0 pair of boots
Stlth   ++........              (no amulet)
HPRegen 0.08/turn               (no ring)
MPRegen 0.11/turn               (no ring)

@: no status effects
A: cold resistance 1, negative energy resistance 3, torment resistance 2, heat
vulnerability 1, in touch with death 1, no potions
a: no special abilities


You were on level 3 of the Dungeon.
You visited 1 branch of the dungeon, and saw 3 of its levels.

You collected 147 gold pieces.

Inventory:

Hand Weapons
 a - a +0 hunting sling
 b - a +2 dagger of freezing (weapon)
Armour
 d - a +2 buckler
 e - a +1 hat (worn)
 j - a +0 robe (worn)
 n - a +0 pair of boots (worn)
 q - a +0 cloak (worn)
Scrolls
 c - 2 scrolls of noise {unknown}
 f - 3 scrolls of identify {unknown}
 g - 2 scrolls of summoning {unknown}
 i - a scroll of brand weapon {unknown}
 k - a scroll of teleportation {unknown}
 l - a scroll of amnesia {unknown}
 m - a scroll of torment {unknown}
 o - 2 scrolls of fog {unknown}
 p - a scroll of enchant armour {unknown}
 r - 3 scrolls of enchant weapon {unknown}
 s - a scroll of magic mapping {unknown}
 t - a scroll of fear {unknown}


   Skills:
 - Level 1.6 Dodging
 - Level 1.7 Stealth
 + Level 3.6 Spellcasting
 * Level 4.9 Necromancy


You had 8 spell levels left.
You knew the following spells:

 Your Spells              Type           Power      Damage    Failure   Level
a - Pain                  Necr           100%       1d9       2%          1

Your spell library contained the following spells:

 Spells                   Type           Power      Damage    Failure   Level
 Animate Skeleton         Necr           56%        N/A       2%          1
 Vampiric Draining        Necr           28%        2d8       7%          3
 Animate Dead             Necr           28%        N/A       22%         4
 Ensorcelled Hibernation  Hex/Ice        4%         N/A       26%         2
 Passwall                 Tmut/Erth      1%         N/A       26%         2
 Swiftness                Air            2%         N/A       47%         3
 Agony                    Necr           28%        N/A       54%         5
 Hailstorm                Conj/Ice       2%         3d3       87%         4
 Simulacrum               Ice/Necr       8%         N/A       100%        6
 Ice Form                 Ice/Tmut       Unusable   N/A       N/A         4

Dungeon Overview and Level Annotations

Branches:
Dungeon (3/15)

Altars:

Annotations:
D:3 Grinder


Innate Abilities, Weirdness & Mutations

You are immune to poison.
Your flesh is cold resistant. (rC+)
You are immune to negative energy. (rN+++)
You are immune to unholy pain and torment.
You are vulnerable to heat. (rF-)
You are in touch with the powers of death.
You do not drink.


Message History

Grinder gestures at you. You resist with significant effort.
You see here a throwing net.
h - a throwing net Grinder barely misses you.
That's the wrong kind of item! (Use * to select it.) Fire/throw which item? ([*] to toggle full inventory view, [\] to toss any item) (? for menu, Esc to quit)
You don't have any such object.
Fire/throw which item? ([*] to toggle full inventory view, [\] to toss any item) (? for menu, Esc to quit)
Throw: throwing net
Press: ? - help, Shift-Dir - straight line, f/p - Grinder
Aim: Grinder, carrying a wand of flame (20) (52% to hit)
Okay, then.
Throw: throwing net
Press: ? - help, Shift-Dir - straight line, f/p - Grinder
Aim: Grinder, carrying a wand of flame (20) (52% to hit)
You throw a throwing net. The throwing net barely misses Grinder.
Grinder zaps a wand.
The puff of flame misses you.
Unknown command.
You closely miss Grinder. Grinder barely misses you.
You hit Grinder but do no damage. Grinder gestures at you.
You suddenly lose the ability to move!
Grinder hits you. Grinder gestures at you. You resist with significant effort.
Grinder says, "Just stop there for a second..."
Grinder completely misses you.
You can move again.
Unknown command.
You hit Grinder but do no damage. Grinder hits you.
You closely miss Grinder.
Grinder zaps a wand.
The puff of flame hits you! The fire burns you terribly!
Ouch! That really hurt!
* * * LOW HITPOINT WARNING * * *
Unknown command.
Grinder attacks as you move away! Grinder hits you.
* * * LOW HITPOINT WARNING * * *
Grinder attacks as you move away! Grinder hits you.
You die...

#.
#..h....##..#.#..#####......#
#
####.........###.............
#.#####.##.#).######.....#
#.# #..(#.#.# ##...## #.#
###.###.# ##..## ..# #.# #.#
#.... ### #.# #.# #.### #5#
#.# #..# #@# #.# ##.# #.# #.#
#.# #.# #.# #.## #.# #.# #.#.
#.# #.# #.#. #.# #.# #####.#.
#.# #.# #.#####.>....# ...
#.# #............. #.#
#######.#.....


You could see Grinder.

Vanquished Creatures
  An adder (D:2)
  A worm (D:3)
  A ball python (D:2)
  2 endoplasms
  2 giant cockroaches
  6 goblins
  A hobgoblin (D:1)
  4 jackals (D:3)
  6 kobolds
  5 quokkas
  4 bats
  2 frilled lizards
  4 rats
39 creatures vanquished.

Notes
Turn   | Place    | Note
-------+----------+-------------------------------------------
     0 | D:1      | Ajdolov the Mummy Necromancer began the quest for the Orb.
     0 | D:1      | Reached XP level 1. HP: 13/13 MP: 4/4
     0 | D:1      | Upgraded the game from 0.29-a0-330-g52719c12eb to
                  | 0.29-a0-553-g81b289dbe5
    90 | D:1      | Reached XP level 2. HP: 14/19 MP: 1/6
  1038 | D:2      | Gained mutation: You are in touch with the powers of death.
                  | [Mummy growth]
  1038 | D:2      | Reached XP level 3. HP: 24/24 MP: 7/7
  1581 | D:3      | Found a faded altar of an unknown god.
  1920 | D:3      | Noticed Grinder
  1961 | D:3      | Paralysed by Grinder for 4 turns
  1969 | D:3      | Slain by Grinder

Illustrated notes

Levels and vault maps discovered:
D:1:      dpeg_arrival_tiny_f, layout_basic
D:2:      layout_basic
D:3:      layout_loops_ring, lemuel_tele_altar,
          hellmonk_ecumenical_altar_inner_sanctum, minivault_25, uniq_grinder,
          uniq_terence, uniq_robin

Skill      XL: |  1 |
---------------+----+-----
Spellcasting   | 3 |  3.6
Dodging        | |  1.6
Stealth        | |  1.7
Necromancy     | |  4.9

Action                   || total
-------------------------++-------
Melee: Dagger            ||    42
 Fire: Hunting sling     ||     7
Throw: Throwing net      ||     3
 Cast: Pain              ||    53
 Stab: Sleeping          ||     2
Armor: Robe              ||    23
Dodge: Dodged            ||    49

Table legend: (Time is in decaauts)
 A = Elapsed time spent in this place.
 B = Non-inter-level travel time spent in this place.
 C = Inter-level travel time spent in this place.
 D = Time resting spent in this place.
 E = Time spent auto-exploring this place.
 F = Levels seen in this place.
 G = Mean time per level.
                   A        B        C        D        E       F      G
               +--------+--------+--------+--------+--------+-----+--------+
         Total |   1971 |   1912 |     59 |    196 |   1166 |   3 |  657.0 |
       Dungeon |   1971 |   1912 |     59 |    196 |   1166 |   3 |  657.0 |
               +--------+--------+--------+--------+--------+-----+--------+

Top non-repeatable levels by time:
     D:1: 741 daAuts
     D:2: 687 daAuts
     D:3: 543 daAuts
